 Dungeon Crawl Stone Soup version 0.21-a0-79-g04744e2 (webtiles) character file.

74 atomicknyte the Chiller (level 4, -2/30 HPs)
             Began as a Barachi Ice Elementalist on June 22, 2017.
             Asphyxiated
             ... on level 3 of the Dungeon.
             The game lasted 00:21:26 (3027 turns).

atomicknyte the Chiller (Barachi Ice Elementalist)  Turns: 3027, Time: 00:21:26

Health: -2/30      AC: 11    Str:  9    XL:     4   Next: 30%
Magic:  23/26      EV: 12    Int: 16    God:
Gold:   162        SH:  0    Dex: 13    Spells: 0/8 levels left

rFire    . . .     SeeInvis .   f - +0 short sword
rCold    . . .     Gourm    .   (no shield)
rNeg     . . .     Faith    .   a - +0 robe
rPois    .         Spirit   .   G - +2 helmet
rElec    .         Reflect  .   (no cloak)
rCorr    .         Harm     .   (no gloves)
MR       .....                  (no boots)
Stlth    ++........             (no amulet)
HPRegen  0.10/turn              j - ring of magical power
MPRegen  0.20/turn              r - ring of magical power

@: lethally poisoned (-2 -> -40), icy armour, slowed, very slow
A: +LOS, swims, slowness 1, strong legs 1
a: Hop


You were on level 3 of the Dungeon.
You were hungry.

You visited 1 branch of the dungeon, and saw 4 of its levels.

You collected 162 gold pieces.

Inventory:

Hand Weapons
 e - a +0 club
 f - a +0 short sword (weapon)
 t - a +0 blowgun
Missiles
 p - 34 bolts
 q - 69 stones (quivered)
 x - 2 needles of sleeping
 B - 3 curare-tipped needles
 D - 21 sling bullets
 K - 16 poisoned needles
Armour
 a - a +0 robe (worn)
 A - a +0 buckler
 G - a +2 helmet (worn)
Jewellery
 j - a ring of magical power (left hand)
 r - a ring of magical power (right hand)
 F - a cursed ring of teleportation {unknown}
 I - a +5 ring of protection {unknown}
Scrolls
 d - a scroll of magic mapping {unknown}
 g - 2 scrolls of enchant weapon {unknown}
 k - a scroll of blinking {unknown}
 m - a scroll of noise {unknown}
 n - a scroll of enchant armour {unknown}
 v - a scroll of identify {unknown}
 w - 2 scrolls of teleportation {unknown}
 y - a scroll of fear {unknown}
 z - a scroll of recharging {unknown}
 C - a scroll of amnesia {unknown}
 J - a scroll of fog {unknown}
Potions
 h - a potion of cancellation {unknown}
 l - 5 potions of curing {unknown}
 o - a potion of mutation {unknown}
 s - 2 potions of degeneration {unknown}
 u - a potion of invisibility {unknown}
 H - 2 potions of agility {unknown}
Books
 b - a book of Frost

   Spells                             Type                      Level
   a - Freeze                         Ice                          1
   b - Throw Frost                    Conjuration/Ice              2
   c - Ozocubu's Armour               Charms/Ice                   3
   d - Throw Icicle                   Conjuration/Ice              4
   e - Summon Ice Beast               Ice/Summoning                4
Comestibles
 c - 3 bread rations
 i - 3 meat rations
 E - a royal jelly


   Skills:
 - Level 2.1 Dodging
 - Level 1.7 Stealth
 - Level 2.9 Spellcasting
   Level 1.1 Conjurations
 - Level 2.1 Charms
 * Level 0.2 Summonings
 + Level 4.7 Ice Magic


You couldn't memorise any spells.
You knew the following spells:

 Your Spells              Type           Power        Failure   Level  Hunger
a - Ozocubu's Armour      Chrm/Ice       ##......     14%         3    ###....
s - Summon Ice Beast      Ice/Summ       ##......     54%         4    #####..
z - Freeze                Ice            ###.         2%          1    #......


Dungeon Overview and Level Annotations

Branches:
Dungeon (4/15)
 Temple: D:4-7

Altars:
Nemelex Xobeh
Yredelemnul

Annotations:
D:1 1 runed door
D:3 enarc13's ghost, amateur FeEn


Innate Abilities, Weirdness & Mutations

Shadows flee at your approach. (+LOS)
You can swim through water.
You cover ground slowly.
You can hop short distances.


Message History

Casting: Ozocubu's Armour
Confirm with . or Enter, or press ? or * to list all spells.
A film of ice covers your body!
You are feeling hungry.
The kobold shoots a curare-tipped needle.
The curare-tipped needle hits you.
You are poisoned.
You have difficulty breathing.
You feel yourself slow down.
You feel very sick.
The kobold shoots a curare-tipped needle.
The curare-tipped needle hits you.
You are lethally poisoned!
You have difficulty breathing.
* * * LOW HITPOINT WARNING * * *
You feel as though you will be slow longer.
The kobold shoots a curare-tipped needle.
The curare-tipped needle hits you.
You are more poisoned.
You have difficulty breathing.
You die...

#.# #.#.....#......#. #.#
###..K..#......#.
#.#########.....#......#.
##......................#.
#................####.###.
#..########...........###.
#...#######............##.
##..#..................##.
#..#....@.............##.
#..#....(.............##.
#..###.................#.
#..###.###........####.#.
#..##...........#.# #.#.
##.##..###........####.#.
#.##..# #......#........
#####.##..# ##..#...........
#.........####..#..#........


You could see a kobold.

Vanquished Creatures
  An adder (D:3)
  3 worms
  2 leopard geckos
  2 orcs (D:3)
  5 bats
  A giant cockroach (D:3)
  6 goblins
  4 hobgoblins
  6 jackals
  3 ball pythons
  4 frilled lizards
  10 kobolds
  4 rats
51 creatures vanquished.

Notes
Turn   | Place    | Note
-------+----------+-------------------------------------------
     0 | D:1      | atomicknyte the Barachi Ice Elementalist began the quest for the Orb.
     0 | D:1      | Reached XP level 1. HP: 13/13 MP: 3/3
     1 | D:1      | Found a runed door.
   285 | D:1      | Reached XP level 2. HP: 19/19 MP: 1/5
   551 | D:1      | Reached skill level 4 in Ice Magic
   577 | D:1      | Found a sparkling altar of Nemelex Xobeh.
  1193 | D:2      | Reached XP level 3. HP: 24/24 MP: 2/7
  1245 | D:2      | Learned a level 3 spell: Ozocubu's Armour
  1688 | D:2      | Reached skill level 1 in Charms
  2552 | D:3      | Reached XP level 4. HP: 30/30 MP: 6/8
  2561 | D:3      | Learned a level 4 spell: Summon Ice Beast
  2653 | D:3      | Found a basalt altar of Yredelemnul.
  2730 | D:3      | Noticed enarc13's ghost (amateur FeEn)
  3027 | D:3      | Asphyxiated

Vault maps used:
D:1:      dpeg_arrival_caged_fury, nemelex_altar_shiori
D:3:      overflow_temple_1_default, minmay_ruptured

Skill      XL: |  1  2  3 |
---------------+----------+-----
Ice Magic      | 4 |  4.7
Charms         | 2 |  2.1
Dodging        | |  2.1
Stealth        | |  1.7
Spellcasting   | |  2.9
Conjurations   | |  1.1
Summonings     | |  0.2

Action                   |  1- 3 |  4- 6 || total
-------------------------+-------+-------++-------
Melee: Short sword       |    49 |     3 ||    52
Throw: Stone             |    77 |     8 ||    85
 Cast: Freeze            |    59 |     9 ||    68
       Ozocubu's Armour  |     8 |     5 ||    13
 Stab: Sleeping          |     2 |       ||     2
  Eat: Chunk             |     7 |     2 ||     9
Armor: Robe              |    18 |     5 ||    23
Dodge: Dodged            |    57 |     4 ||    61
